 Dungeon Crawl Stone Soup version 0.25-a0-565-g8875c97 (webtiles) character file.

Game seed: 470246339582976257, levelgen mode: deterministic

20420 b5mith the Fighter (level 12, -5/113 HPs)
             Began as a Minotaur Berserker on Feb 26, 2020.
             Was a High Priest of Trog.
             Slain by an ice devil (12 damage)
             ... summoned by an orc sorcerer
             ... while paralysed by an orc sorcerer
             ... on level 2 of the Orcish Mines.
             The game lasted 00:42:57 (11715 turns).

b5mith the Fighter (Minotaur Berserker)            Turns: 11715, Time: 00:42:57

Health: -5/113     AC: 21    Str: 25    XL:     12   Next: 45%
Magic:  9/9        EV:  2    Int:  8    God:    Trog [*****.]
Gold:   803        SH:  0    Dex: 12    Spells: 11/11 levels left

rFire    . . .     SeeInvis +   W - +2 great mace (protect)
rCold    . . .     Gourm    .   (shield currently unavailable)
rNeg     . . .     Faith    .   u - +4 scale mail
rPois    .         Spirit   .   N - +2 hat
rElec    .         Reflect  .   (no cloak)
rCorr    .         Harm     .   o - +0 pair of gloves
MR       .....                  (no boots)
Stlth    ..........             (no amulet)
HPRegen  0.68/turn              F - +4 ring of intelligence
MPRegen  0.11/turn              b - +5 ring of protection

@: paralysed, slowed, heavily drained
A: retaliatory headbutt, horns 2, see invisible, low mp 1, regeneration 1
a: Berserk, Trog's Hand, Brothers in Arms, Renounce Religion


You were on level 2 of the Orcish Mines.
You worshipped Trog.
Trog was extremely pleased with you.
You were hungry.

You visited 2 branches of the dungeon, and saw 12 of its levels.
You also visited: Ossuary.

You collected 908 gold pieces.
You spent 105 gold pieces at shops.

Inventory:

Hand Weapons
 a - a +0 mace
 r - a +0 morningstar
   (You took it off an orc on level 3 of the Dungeon)
 P - a +2 rapier
   (Trog gifted it to you on level 8 of the Dungeon)
 R - a +2 morningstar
   (You took it off a wight on level 9 of the Dungeon)
 S - a +3 antimagic great mace
   (Trog gifted it to you on level 10 of the Dungeon)
 V - a +1 antimagic triple sword
   (Trog gifted it to you on level 10 of the Dungeon)
 W - a +2 great mace of protection (weapon)
   (You took it off a two-headed ogre on level 2 of the Orcish Mines)
Missiles
 e - 122 sling bullets
 v - 19 poisoned darts (quivered)
 A - 3 throwing nets
 X - 7 curare-tipped darts
Armour
 o - a +0 pair of gloves (worn)
   (You found it on level 2 of the Dungeon)
 u - a +4 scale mail (worn)
   (You took it off an orc on level 2 of the Dungeon)
 w - a +0 plate armour
   (You took it off an orc warrior on level 2 of the Orcish Mines)
 N - a +2 hat (worn)
   (You found it on level 7 of the Dungeon)
 O - a +0 cloak
   (You found it on level 9 of the Dungeon)
 U - the +3 robe of Jugosio {*Slow Dex+6 Stlth+, unknown}
   (You found it on level 10 of the Dungeon)

   It affects your dexterity (+6).
   It may slow you when you take damage.
   It makes you more stealthy.
   If you switch to wearing this armour, your AC will decrease by 7 (21 -> 14).
 Z - a +1 chain mail of magic resistance
   (You took it off an orc warlord on level 2 of the Orcish Mines)
Jewellery
 b - a +5 ring of protection (right hand)
   (You found it on level 4 of the Dungeon)
 g - an uncursed ring of flight
   (You found it on level 3 of the Dungeon)
 p - an uncursed ring of protection from fire
   (You found it on level 2 of the Dungeon)
 x - an uncursed ring of fire
   (You found it on level 3 of the Dungeon)
 y - an uncursed ring of positive energy
   (You found it on level 4 of the Dungeon)
 F - a +4 ring of intelligence (left hand)
   (You found it on level 5 of the Dungeon)
Wands
 J - a wand of polymorph (3)
   (You took it off Ijyb on level 5 of the Dungeon)
 K - a wand of enslavement (6)
   (You found it on level 6 of the Dungeon)
 Q - a wand of paralysis (9)
   (You found it on level 8 of the Dungeon)
Scrolls
 f - a scroll of vulnerability {unknown}
 i - 4 scrolls of teleportation
 j - a scroll of fog
 l - 4 scrolls of enchant armour
 m - a scroll of magic mapping {unknown}
 n - 6 scrolls of identify {@r1}
 t - 5 scrolls of remove curse {@r2}
 z - a scroll of torment {unknown}
 B - 3 scrolls of amnesia
 D - 7 scrolls of immolation
 G - a scroll of enchant weapon {unknown}
 H - 2 scrolls of fear
 Y - a scroll of blinking
Potions
 d - 2 potions of flight
 h - a potion of haste
 k - 2 potions of curing {@q1}
 q - 4 potions of stabbing
 s - a potion of magic
 C - 2 potions of mutation {!q}
 E - 3 potions of brilliance
 I - a potion of might
 L - a potion of resistance {unknown}
 M - a potion of heal wounds
Comestibles
 c - 24 rations
 T - 10 chunks of flesh


   Skills:
 + Level 12.7(10.8) Fighting
 + Level 12.6(10.7) Maces & Flails
 + Level 12.5(10.6) Armour
 + Level 11.5(9.7) Dodging


You had 11 spell levels left.
You didn't know any spells.
Your spell library was empty.

Dungeon Overview and Level Annotations

Branches:
Dungeon (10/15)            Temple (0/1) D:7             Orc (2/2) D:10
Ossuary (visited)
   Lair: D:8-11         Elf: Orc:2

Altars:
Dithmenos
Elyvilon
Fedhas
Nemelex Xobeh
Qazlal
Ru
Trog
Vehumet
Yredelemnul
Zin
Beogh

Shops:
D:5 *   D:8 *   D:10 ([   Orc:2 ?%


Innate Abilities, Weirdness & Mutations

You reflexively headbutt those who attack you in melee.
You have a pair of horns on your head.
You have supernaturally acute eyesight. (SInv)
Your magical capacity is low. (-10% MP)
Your natural rate of healing is unusually fast.


Message History

The orc wizard points at you and mumbles some strange words.
You feel yourself slow down. The hellwing completely misses you.
The hellwing hits you but does no damage.
You sock the orc sorcerer!
Your weapon exudes an aura of protection.
You headbutt the orc sorcerer.
The orc sorcerer is heavily wounded.
The orc wizard mumbles some strange words.
The orc wizard blinks!
The orc sorcerer mumbles some strange words.
The hellwing hits you. The hellwing barely misses you.
The orc sorcerer hits you but does no damage.
The ice devil barely misses you.
You closely miss the orc sorcerer.
The orc sorcerer is heavily wounded.
The hellwing hits you but does no damage. x2
The orc sorcerer hits you but does no damage.
The ice devil hits you but does no damage.
The hellwing misses you. The hellwing completely misses you.
The orc sorcerer gestures at you while chanting.
You suddenly lose the ability to move!
The ice devil disappears in a puff of smoke!
The ice devil hits you but does no damage.
The hellwing hits you but does no damage.
The hellwing hits you.
The orc sorcerer hits you but does no damage.
The orc wizard hits you but does no damage.
The ice devil hits you but does no damage.
The hellwing hits you!
* * * LOW HITPOINT WARNING * * *
The hellwing hits you.
* * * LOW HITPOINT WARNING * * *
The orc wizard hits you but does no damage.
The orc sorcerer gestures at you while chanting.
The bolt of negative energy hits you!!
You feel drained.
* * * LOW HITPOINT WARNING * * *
The bolt of negative energy hits the hellwing.
The hellwing completely resists.
The orc wizard hits you but does no damage.
The ice devil hits you!
* * * LOW HITPOINT WARNING * * *
The ice devil freezes you!
* * * LOW HITPOINT WARNING * * *
The hellwing hits you.
* * * LOW HITPOINT WARNING * * *
The hellwing hits you but does no damage.
The orc sorcerer casts a spell.
The orc wizard hits you but does no damage.
The ice devil hits you!
You die...

..####......#
.###........########
###..........#.....#
#)......<....#.....#
)).).........#..⌠..+
.))#.........#.....
....#........# ...
....###......###o###
.##..###.......o@4.#
####..##........4..#
# #.#####........4##
###.##.###.......#
##.##....##.......##
..##.....#.........#
..##...............#
...#....#........#.#
...#.............###


You could see an orange demon, a hellwing, an ice devil, an orc sorcerer and an
orc wizard.

Vanquished Creatures
  An orc warlord (Orc:2)
  Snorg (Orc:2)
  5 two-headed ogres
  4 orc high priests (Orc:2)
  Sonja (Orc:2)
  An unseen horror (D:10)
  A cyclops (D:10)
  A centaur zombie (D:10)
  A centaur skeleton (D:10)
  A komodo dragon (D:10)
  4 trolls
  A hornet (D:9)
  5 yaks (D:10)
  3 hungry ghosts
  3 wargs
  An eye of draining (D:10)
  A sky beast (D:7)
  4 ice beasts
  34 orc warriors
  A phantom (D:5)
  8 ogres
  5 centaurs
  A crocodile (D:8)
  A big kobold (D:9)
  2 scorpions
  4 killer bees (D:10)
  3 wights
  6 howler monkeys
  4 crimson imps
  A quasit (D:8)
  A bullfrog zombie (D:10)
  4 hounds
  24 orc wizards
  25 orc priests
  3 jellies
  A bullfrog skeleton (D:10)
  Ijyb (D:5)
  2 iguanas
  2 worker ants
  A killer bee zombie (D:7)
  A big kobold zombie (Ossuary)
  A hound zombie (D:5)
  5 mummies (Ossuary)
  10 adders
  A shadow imp (D:8)
  An ooze (D:1)
  An adder skeleton (D:4)
  3 worms
  4 dart slugs
  9 leopard geckos
  119 orcs
  6 giant cockroaches
  9 goblins
  8 hobgoblins
  8 jackals
  6 quokkas
  2 ball pythons
  12 bats
  5 frilled lizards
  2 goblin zombies (Ossuary)
  3 hobgoblin zombies (Ossuary)
  12 kobolds
  A kobold zombie (Ossuary)
  A leopard gecko skeleton (D:5)
  An orc zombie (Ossuary)
  A quokka skeleton (D:7)
  A quokka zombie (D:6)
  4 rats
410 creatures vanquished.

Vanquished Creatures (collateral kills)
  An orc priest (Orc:2)
1 creature vanquished.

Grand Total: 411 creatures vanquished

Notes
Turn   | Place    | Note
-------+----------+-------------------------------------------
     0 | D:1      | b5mith the Minotaur Berserker began the quest for the Orb.
     0 | D:1      | Reached XP level 1. HP: 19/19 MP: 0/0
   296 | D:1      | Reached XP level 2. HP: 22/27 MP: 1/1
   578 | D:1      | Reached XP level 3. HP: 33/33 MP: 2/2
   696 | D:2      | Reached ** piety under Trog
   821 | D:2      | Found a basalt altar of Yredelemnul.
   892 | D:2      | Reached XP level 4. HP: 41/41 MP: 3/3
   905 | D:2      | Found a sparkling altar of Nemelex Xobeh.
  1598 | D:3      | Reached XP level 5. HP: 35/47 MP: 4/4
  3204 | D:4      | Noticed a centaur
  3210 | D:4      | Reached skill level 5 in Fighting
  3216 | D:4      | Noticed an ogre
  3216 | D:4      | Killed a centaur
  3216 | D:4      | Reached skill level 5 in Maces & Flails
  3216 | D:4      | Reached XP level 6. HP: 36/56 MP: 5/5
  3217 | D:4      | Reached *** piety under Trog
  3536 | D:4      | Reached skill level 5 in Armour
  3547 | D:4      | Reached XP level 7. HP: 43/62 MP: 6/6
  4158 | D:5      | Entered Level 5 of the Dungeon
  4316 | D:5      | Reached skill level 5 in Dodging
  4639 | D:5      | Found a sand-covered staircase.
  4647 | Ossuary  | Entered an ossuary
  4688 | Ossuary  | Reached **** piety under Trog
  4892 | D:5      | Noticed Ijyb
  4909 | D:5      | Killed Ijyb
  4926 | D:5      | Found a blossoming altar of Fedhas.
  4986 | D:5      | Found Restas's General Store.
  5214 | D:6      | Reached XP level 8. HP: 61/71 MP: 7/7
  5236 | D:6      | Found a sacrificial altar of Ru.
  6133 | D:6      | Found a radiant altar of Vehumet.
  6163 | D:6      | Found a stormy altar of Qazlal.
  6372 | D:6      | Gained mutation: You have supernaturally acute eyesight.
                  | (SInv) [potion of mutation]
  6372 | D:6      | Gained mutation: Your magical capacity is low. (-10% MP)
                  | [potion of mutation]
  6372 | D:6      | Gained mutation: Your natural rate of healing is unusually
                  | fast. [potion of mutation]
  6453 | D:7      | Found a staircase to the Ecumenical Temple.
  6619 | D:7      | Reached XP level 9. HP: 81/81 MP: 7/7
  7251 | D:8      | Found Ryfyp's General Store.
  7282 | D:8      | Found a glowing silver altar of Zin.
  7381 | D:8      | Reached ***** piety under Trog
  7381 | D:8      | Received a gift from Trog
  7596 | D:8      | Found a white marble altar of Elyvilon.
  7990 | D:9      | Noticed a two-headed ogre
  7999 | D:9      | Killed a two-headed ogre
  7999 | D:9      | Reached XP level 10. HP: 90/91 MP: 8/8
  8199 | D:9      | Found a bloodstained altar of Trog.
  8263 | D:9      | Found a shadowy altar of Dithmenos.
  8326 | D:10     | Entered Level 10 of the Dungeon
  8329 | D:10     | Found a staircase to the Orcish Mines.
  8333 | D:10     | Found Ruyrchek's Armour Shop.
  8388 | D:10     | Received a gift from Trog
  8401 | D:10     | Found Fukam's Weapon Shop.
  8441 | D:10     | Noticed an unseen horror
  8459 | D:10     | Killed an unseen horror
  8459 | D:10     | Reached skill level 10 in Fighting
  8506 | D:10     | Got a heavily jewelled robe
  8524 | D:10     | Reached skill level 10 in Maces & Flails
  8569 | D:10     | Reached skill level 10 in Armour
  9155 | Orc:1    | Entered Level 1 of the Orcish Mines
  9181 | D:10     | Reached XP level 11. HP: 90/101 MP: 2/8
  9279 | D:10     | Received a gift from Trog
  9810 | D:10     | Reached skill level 10 in Dodging
 10114 | Orc:2    | Entered Level 2 of the Orcish Mines
 10114 | Orc:2    | Noticed a two-headed ogre
 10128 | Orc:2    | Killed a two-headed ogre
 10220 | Orc:2    | Noticed a two-headed ogre
 10227 | Orc:2    | Killed a two-headed ogre
 10272 | Orc:2    | Noticed a two-headed ogre
 10296 | Orc:2    | Killed a two-headed ogre
 10429 | Orc:2    | Noticed a two-headed ogre
 10437 | Orc:2    | Killed a two-headed ogre
 10630 | Orc:2    | Received a gift from Trog
 10676 | Orc:2    | Noticed Sonja
 10696 | Orc:2    | Killed Sonja
 10818 | Orc:2    | Noticed Snorg
 10834 | Orc:2    | Killed Snorg
 10860 | Orc:2    | Found a roughly hewn altar of Beogh.
 10861 | Orc:2    | Noticed an orc warlord
 10872 | Orc:2    | Found Utwem's Food Emporium.
 10872 | Orc:2    | Noticed an orc high priest
 10878 | Orc:2    | Noticed an orc high priest
 10893 | Orc:2    | Killed an orc high priest
 10893 | Orc:2    | Reached XP level 12. HP: 57/112 MP: 9/9
 11186 | Orc:2    | Found Haypn's Magic Scroll Boutique.
 11186 | Orc:2    | Noticed an orc high priest
 11210 | Orc:2    | Killed an orc high priest
 11301 | Orc:2    | Bought a scroll of blinking for 105 gold pieces
 11326 | Orc:2    | Killed an orc warlord
 11408 | Orc:2    | Killed an orc high priest
 11522 | Orc:2    | Noticed an orc high priest
 11530 | Orc:2    | Killed an orc high priest
 11530 | Orc:2    | Received a gift from Trog
 11702 | Orc:2    | Paralysed by an orc sorcerer for 7 turns
 11711 | Orc:2    | Paralysed by an orc sorcerer for 6 turns
 11715 | Orc:2    | Slain by an ice devil

Levels and vault maps discovered:
D:1:      minmay_arrival_radiant_lines, layout_loops_ring, serial_glass,
          glass_columns_a, glass_columns_b, glass_columns_a, glass_columns_a,
          glass_columns_b, glass_columns_b, feat_on_display,
          minmay_strange_pillars, item_on_display_a, minmay_strange_pillars
D:2:      layout_loops_cross, nemelex_xobeh_ov_fountains_minmay,
          yredelemnul_altar_generic, first_ration
D:3:      layout_basic
D:4:      layout_basic
D:5:      layout_loops_ring, enter_ossuary_5, serial_shops, nicolae_shop_trees,
          abandoned_shop, chequers_big_river, fedhas_altar_4, uniq_ijyb
D:6:      minmay_flawed_box, layout_basic, overflow_temple_1_default,
          nicolae_overflow_hidden_temple, nicolae_qazlal_eye_of_the_storm
D:7:      layout_basic, temple_fountains, grunt_ogre_cave
D:8:      layout_rooms, overflow_temple_1_default, elyvilon_altar_3,
          serial_shops, shop
D:9:      layout_big_octagon, lightli_temple_of_fire, overflow_temple_1_default
D:10:     layout_loops_ring, orc_david_3
Orc:1:    layout_caves, gammafunk_ghost_grave, uniq_harold
Orc:2:    pubby_orc_utopia, serial_shops, uniq_sonja, uniq_snorg, uniq_donald

Skill      XL: |  1  2  3  4  5  6  7  8  9 10 11 12 |
---------------+-------------------------------------+-----
Armour         | 3 4 5 6 7 9 10 11 12 | 12.5
Fighting       | 4 5 6 7 9 10 12 | 12.7
Maces & Flails | 4 5 6 7 9 10 12 | 12.6
Dodging        | 3 4 5 6 8 9 11 | 11.5

Action                   |  1- 3 |  4- 6 |  7- 9 | 10-12 || total
-------------------------+-------+-------+-------+-------++-------
Melee: Mace              |    67 |    42 |       |       ||   109
       Headbutt          |     5 |    23 |    50 |    98 ||   176
       Morningstar       |       |   112 |   315 |    81 ||   508
       Unarmed           |       |       |    15 |       ||    15
       Great mace        |       |       |       |   461 ||   461
Throw: Dart              |       |     4 |       |       ||     4
Invok: Berserk           |       |     1 |     1 |     5 ||     7
Evoke: Wand              |       |       |       |     2 ||     2
  Use: Scroll            |       |     2 |     9 |     3 ||    14
       Potion            |       |       |     8 |     7 ||    15
 Stab: Sleeping          |     1 |       |       |       ||     1
  Eat: Chunk             |       |     7 |     5 |    19 ||    31
       Ration            |       |     1 |     4 |       ||     5
Armor: Animal skin       |    23 |    13 |       |       ||    36
       Scale mail        |       |    26 |   123 |   345 ||   494
Dodge: Dodged            |    70 |    95 |   197 |   614 ||   976

Table legend:
 A = Non-vault XP
 B = Vault XP
 C = Vault XP percentage of total XP
 D = Non-vault monster count
 E = Vault monster count
 F = Vault count percentage of total count
                 A         B        C        D         E       F
            +---------+---------+-------+---------+---------+-------
      Total |   13428 |   15744 |  54.0 |     276 |     135 |  32.8
            +---------+---------+-------+---------+---------+-------
        D:1 |      47 |       0 |   0.0 |      22 |       0 |   0.0
        D:2 |     108 |       0 |   0.0 |      31 |       0 |   0.0
        D:3 |     102 |       0 |   0.0 |      27 |       0 |   0.0
        D:4 |     669 |       0 |   0.0 |      26 |       0 |   0.0
        D:5 |     270 |     118 |  30.4 |      12 |       3 |  20.0
        D:6 |     808 |     227 |  21.9 |      13 |       6 |  31.6
        D:7 |     735 |     133 |  15.3 |      14 |       1 |   6.7
        D:8 |     441 |       0 |   0.0 |      14 |       0 |   0.0
        D:9 |    2404 |       6 |   0.2 |      29 |       2 |   6.5
       D:10 |    7153 |     133 |   1.8 |      73 |       2 |   2.7
      Orc:1 |     691 |       0 |   0.0 |      15 |       0 |   0.0
      Orc:2 |       0 |   15009 | 100.0 |       0 |     108 | 100.0
    Ossuary |       0 |     118 | 100.0 |       0 |      13 | 100.0
            +---------+---------+-------+---------+---------+-------
